 Dungeon Crawl Stone Soup version 0.30-b1-2-g02819fbbbe (webtiles) character file.

Game seed: 5991212610754480737

414 raph the Ruffian (level 6, -7/50 HPs)
             Began as a Draconian Transmuter on June 14, 2023.
             Mangled by Menkaure (12 damage)
             ... on level 5 of the Dungeon.
             The game lasted 00:05:51 (4133 turns).

raph the Ruffian (Draconian Transmuter)             Turns: 4133, Time: 00:05:51

Health: -7/50      AC:  7    Str: 13    XL:     6   Next: 60%
Magic:  9/10       EV: 12    Int: 15    God:
Gold:   173        SH:  0    Dex: 11    Spells: 4/10 levels left

rFire   . .          .
                       - Unarmed
rCold   . . .        (no shield)
rNeg    . . .        (body armour unavailable)
rPois   .            (helmet currently unavailable)
rElec   .            (no cloak)
rCorr   .            g - +0 pair of gloves
SInv    .            (boots currently unavailable)
Will    +....        (no amulet)
Stlth   +            b - ring of willpower
HPRegen 0.28/turn    (no ring)
MPRegen 0.12/turn

%: no passive effects
@: appendages (expiring), wereblooded
A: horns 2, talons 2, AC +6, unfitting armour, cold-blooded
a: End Transformation


You were on level 5 of the Dungeon.
You had temporarily grown beastly horns and talons.
You visited 1 branch of the dungeon, and saw 6 of its levels.

You collected 173 gold pieces.

Inventory:

Missiles
 e - a throwing net
 f - 2 boomerangs
 m - 9 poisoned darts
Armour
 g - a +0 pair of gloves (worn)
Jewellery
 b - a ring of willpower (left hand)
Wands
 h - a wand of flame (9)
 i - a wand of digging (5)
Scrolls
 c - 2 scrolls of torment
Potions
 a - a potion of lignification
 d - a potion of brilliance
 j - 2 potions of curing
 l - 2 potions of magic {unknown}


   Skills:
 + Level 2.6 Fighting
 - Level 1.7 Dodging
 + Level 4.3 Unarmed Combat
 + Level 2.7 Spellcasting
 * Level 4.3 Transmutations
 * Level 3.0 Poison Magic


You had 4 spell levels left.
You knew the following spells:

 Your Spells              Type           Power      Damage    Failure   Level
a - Beastly Appendage     Tmut           30%        N/A       3%          1
b - Wereblood             Tmut           15%        N/A       5%          2
c - Spider Form           Tmut/Pois      13%        N/A       14%         3

Your spell library contained the following spells:

 Spells                   Type           Power      Damage    Failure   Level
 Cigotuvi's Dreadful Rot  Necr/Pois/Air  10%        N/A       21%         2
 Portal Projectile        Hex/Tloc       4%         N/A       52%         3
 Tukima's Dance           Hex            2%         N/A       52%         3
 Ice Form                 Ice/Tmut       8%         N/A       63%         4
 Dispel Undead            Necr           2%         3d7       90%         4
 Blade Hands              Tmut           7%         N/A       67%         5
 Death Channel            Necr           1%         N/A       100%        6


Dungeon Overview and Level Annotations

Branches:
Dungeon (6/15)
 Temple: D:4-7

Altars:
Elyvilon
Vehumet

Annotations:
D:4 Sigmund
D:5 Menkaure


Innate Abilities, Weirdness & Mutations

You have temporarily grown beastly horns and talons.
Your plain brown scales are hard. (AC +6)
You cannot fit into any form of body armour.
You are cold-blooded and may be slowed by cold attacks.


Message History

You barely miss the iguana. You claw the iguana, but do no damage.
The iguana is moderately wounded.
The iguana bites you.
You barely miss the iguana. You claw the iguana, but do no damage.
The iguana is moderately wounded.
Your transformation is almost over.
The iguana misses you.
You hit the iguana but do no damage. Your kick misses the iguana.
Your headbutt misses the iguana. You punch the iguana.
The iguana is heavily wounded.
Menkaure calls on the powers of darkness!
The centaur convulses!
The iguana convulses!
Your body is wracked with pain!
The iguana misses you.
You hit the iguana but do no damage.
You tail-slap the iguana, but do no damage.
The iguana is severely wounded.
You hit the iguana but do no damage. You claw the iguana.
You feel a bit better.
You kill the iguana!
Menkaure casts a spell at you. Pain shoots through your body!
* * * LOW HITPOINT WARNING * * *
Your Poison Magic skill increases to level 3!
Menkaure closely misses you.
You hit Menkaure but do no damage. Menkaure hits you!
* * * LOW HITPOINT WARNING * * *
You punch Menkaure! You claw Menkaure. You tail-slap Menkaure.
Menkaure is heavily damaged.
Menkaure barely misses you.
You hit Menkaure.
Menkaure is severely damaged.
You howl as the wereblood boils in your veins!
Menkaure calls on the powers of darkness!
The centaur convulses!
Your body is wracked with pain!
* * * LOW HITPOINT WARNING * * *
The ogre convulses!
You hit Menkaure but do no damage.
Menkaure is severely damaged.
Menkaure hits you!
You die...

##..### ##...##
##...## #....#
######.
#..#.########...#.
.
#).##........#.8$c
..
#...#########.#...
.# #...## #.##.##
.## #...#
#@#M..#.O.#. ...#
#M#.8...8... ..#
#c....# ##...##
#....# #..8...8
#........
#..(......
##########


You could see Menkaure (fast) and a centaur.

Vanquished Creatures
  A bullfrog (D:2)
  A scorpion (D:2)
  A jelly (D:5)
  2 orc priests (D:5)
  A hound (D:5)
  An iguana (D:5)
  An orc wizard (D:5)
  3 adders
  3 worms
  A dart slug (D:3)
  8 orcs
  7 ball pythons
  8 bats
  6 endoplasms
  2 giant cockroaches (D:2)
  5 goblins
  6 hobgoblins
  3 jackals (D:1)
  5 quokkas
  8 frilled lizards
  8 kobolds
  6 rats
87 creatures vanquished.

Vanquished Creatures (others)
  A plant (D:1)
1 creature vanquished.

Grand Total: 88 creatures vanquished

Notes
Turn   | Place    | Note
-------+----------+-------------------------------------------
     0 | D:1      | raph the Draconian Transmuter began the quest for the Orb.
     0 | D:1      | Reached XP level 1. HP: 16/16 MP: 3/3
   308 | D:1      | Reached XP level 2. HP: 20/23 MP: 3/5
   319 | D:1      | Learned a level 2 spell: Wereblood
   685 | D:1      | Found a faded altar of an unknown god.
   799 | D:1      | Reached XP level 3. HP: 28/28 MP: 4/6
   803 | D:1      | Learned a level 3 spell: Spider Form
  1498 | D:2      | You fall into a shaft and drop 2 floors!
  1505 | D:3      | Noticed a scorpion
  1517 | D:2      | Killed a scorpion
  1518 | D:2      | Reached skill level 1 in Poison Magic
  1518 | D:2      | Reached XP level 4. HP: 24/35 MP: 5/7
  2553 | D:3      | Noticed a bullfrog
  2566 | D:2      | Killed a bullfrog
  2567 | D:2      | Reached XP level 5. HP: 27/41 MP: 5/8
  3040 | D:3      | Found a white marble altar of Elyvilon.
  3041 | D:3      | Found a radiant altar of Vehumet.
  3459 | D:4      | Noticed Sigmund
  3735 | D:5      | Entered Level 5 of the Dungeon
  3773 | D:5      | Noticed an ogre
  3783 | D:5      | HP: 2/41 [orc wizard/puff of flame (7)]
  3791 | D:5      | You fall into a shaft and drop 1 floor!
  3800 | D:6      | Noticed a black bear
  3952 | D:5      | Reached XP level 6. HP: 21/49 MP: 6/9
  4108 | D:5      | Noticed Menkaure
  4133 | D:5      | Mangled by Menkaure

Illustrated notes

Levels and vault maps discovered:
D:1:      saegor_arrival_simple_c, layout_basic, serial_glass, glass_columns_a,
          glass_columns_a, dreamdust_ecumenical_altar_grove
D:2:      layout_basic, hex_medium, minmay_indecisive_spiral
D:3:      layout_rooms, nicolae_overflow_squiral
D:4:      layout_cave_pools, mainiacjoe_overflow_large_starburst,
          mainiacjoe_overflow_six_doors_small, kennysheep_generic_room_7,
          uniq_sigmund
D:5:      layout_layer_cave, mainiacjoe_overflow_chevrons,
          minmay_misc_feat_four_crosses, uniq_duvessa, uniq_menkaure, uniq_pikel
D:6:      layout_loops_ring, nicolae_qazlal_style_of_elements,
          minmay_temple_entry_steel_oval, serial_shops, shop,
          minmay_fractal_squares_5, uniq_grinder

Skill      XL: |  1  2  3  4  5  6 |
---------------+-------------------+-----
Transmutations | 3 4 |  4.3
Poison Magic   | 1 2 3 |  3.0
Fighting       | 2 |  2.6
Unarmed Combat | 4 |  4.3
Dodging        | |  1.7
Spellcasting   | |  2.7

Action                     |  1- 3 |  4- 6 || total
---------------------------+-------+-------++-------
  Melee: Unarmed           |   107 |   133 ||   240
         Kick              |    20 |    32 ||    52
         Tailslap          |     8 |    13 ||    21
         Headbutt          |    11 |    16 ||    27
         Punch             |     1 |     4 ||     5
   Cast: Beastly Appendage |    23 |    23 ||    46
         Wereblood         |     2 |     5 ||     7
         Spider Form       |       |     3 ||     3
    Use: Scroll            |       |     8 ||     8
   Stab: Sleeping          |     2 |       ||     2
 Armour: Skin              |    37 |    38 ||    75
  Dodge: Dodged            |    73 |    76 ||   149
